 Dungeon Crawl Stone Soup version 0.18.1-48-g4cf74bf (webtiles) character file.

90 reisrdok the Shooter (level 4, -2/30 HPs)
             Began as a High Elf Hunter on July 14, 2016.
             Was a Follower of Okawaru.
             Slain by a worm (9 damage)
             ... on level 2 of the Dungeon.
             The game lasted 00:20:05 (1591 turns).

reisrdok the Shooter (High Elf Hunter)              Turns: 1591, Time: 00:20:06

Health: -2/30      AC:  6    Str: 11    XL:     4   Next: 32%
Magic:  5/5        EV:  9    Int: 14    God:    Okawaru [*.....]
Gold:   79         SH:  0    Dex: 17    Spells: 0 memorised, 3 levels left

rFire  . . .     SeeInvis .     m - +0 short sword
rCold  . . .     Gourm    .     g - +0 scale mail
rNeg   . . .     Faith    .     (no shield)
rPois  .         Spirit   .     (no helmet)
rElec  .         Dismiss  .     (no cloak)
rCorr  .         Reflect  .     (no gloves)
SustAt .         Harm     .     (no boots)
MR     .....                    (no amulet)
Stlth  +.........               (no ring)
                                (no ring)

@: not resistant to hostile enchantments, very unstealthy
A: no striking features
a: Heroism, Renounce Religion


You were on level 2 of the Dungeon.
You worshipped Okawaru.
Okawaru was aware of your devotion.
You were not hungry.

You visited 1 branch of the dungeon, and saw 2 of its levels.

You collected 79 gold pieces.

Inventory:

Hand Weapons
 a - a +1 shortbow
 b - a +0 short sword
 m - a +0 short sword (weapon)
 o - a +0 dagger
 s - a +0 club
Missiles
 n - 11 poisoned needles
Armour
 c - a +0 leather armour
 e - a +0 ring mail
 g - a +0 scale mail (worn)
 k - a +0 robe
 l - a +0 robe
 q - a +0 robe
Scrolls
 i - a scroll of teleportation {unknown}
 p - a scroll of remove curse
Potions
 j - a potion of cancellation {unknown}
 r - a potion of flight {unknown}
Comestibles
 f - 2 bread rations


   Skills:
 + Level 2.3 Fighting
 + Level 7.1 Bows
 + Level 0.5 Armour
 + Level 2.5 Dodging
 + Level 1.2 Stealth


You had 3 spell levels left.
You didn't know any spells.

Dungeon Overview and Level Annotations

Branches:
Dungeon (2/15)

Altars:
Okawaru


Message History

The worm is moderately wounded.
The worm bites you but does no damage.
You hit the worm.
The worm is heavily wounded.
The worm bites you but does no damage.
You hit the worm.
The worm is heavily wounded.
You hit the worm.
The worm is heavily wounded.
The worm bites you.
* * * LOW HITPOINT WARNING * * *
You hit the worm.
The worm is severely wounded.
The worm bites you but does no damage.
You hit the worm.
The worm is almost dead.
You barely miss the worm.
The worm is almost dead.
The worm bites you!
You die...

#.......................... ...
#.##)#####.#.##...##....... ..#
#.##.# #.#......# .......##.#
##.##.# #.####...##...##......
#...#.# #.# #...##...##...#.#
##...#.#####w# #...##...##...#.#
.............####)..##...##.....#
##...#.#....##....).##...##....##
#..>..[........w@........##....##
#.#+####.#####.####.##.#.##....##
#. #......................### #.
#######.####...........# # #. #.#
##.###......### #. #.#
#..##........# #. #.#
##.##........# ## #.#
#.##........# #.. ..##........#


You could see a worm.

Vanquished Creatures
  Ijyb (D:2)
  2 adders (D:2)
  An ooze (D:1)
  2 worms (D:2)
  2 dart slugs (D:1)
  A giant gecko (D:2)
  A ball python (D:1)
  2 giant cockroaches (D:1)
  6 goblins
  6 hobgoblins
  5 bats
  2 kobolds
  2 rats
33 creatures vanquished.

Notes
Turn   | Place    | Note
--------------------------------------------------------------
     0 | D:1      | reisrdok the High Elf Hunter began the quest for the Orb.
     0 | D:1      | Reached XP level 1. HP: 14/14 MP: 2/2
   234 | D:1      | Reached XP level 2. HP: 19/19 MP: 3/3
   266 | D:1      | Reached skill level 6 in Bows
   748 | D:2      | Reached XP level 3. HP: 24/24 MP: 4/4
   933 | D:2      | Noticed Natasha
   998 | D:2      | Found a faded altar to an unknown god.
  1142 | D:2      | Became a worshipper of Warmaster Okawaru
  1142 | D:2      | Reached * piety under Okawaru
  1183 | D:2      | Noticed Ijyb
  1290 | D:2      | Killed Ijyb
  1290 | D:2      | Reached skill level 7 in Bows
  1290 | D:2      | Reached XP level 4. HP: 8/30 MP: 5/5
  1591 | D:2      | Slain by a worm

Skill      XL: |  1  2  3 |
---------------+----------+-----
Bows           | 6 7 |  7.1
Fighting       | |  2.3
Armour         | |  0.5
Dodging        | |  2.5
Stealth        | |  1.2

Action                   |  1- 3 |  4- 6 || total
-------------------------+-------+-------++-------
Melee: Short sword       |    37 |    25 ||    62
 Fire: Shortbow          |    91 |       ||    91
Invok: Heroism           |     1 |       ||     1
  Use: Scroll            |     2 |       ||     2
  Eat: Chunk             |     1 |     1 ||     2
Armor: Leather armour    |    13 |     2 ||    15
       Scale mail        |       |     4 ||     4
Dodge: Dodged            |    41 |     4 ||    45
